 Dungeon Crawl Stone Soup version 0.15.1-1-gfacfea3 (webtiles) character file.

16640 Kex the Unseen (level 12, 54/54 (58) HPs)
             Began as a Spriggan Assassin on Sept 27, 2014.
             Was a High Priest of Dithmenos.
             Got out of the dungeon alive.
             The game lasted 03:10:26 (26628 turns).

Kex the Unseen (Spriggan Assassin)                 Turns: 26628, Time: 03:10:26

HP  54/54 (58)   AC  6     Str  8      XL: 12   Next: 11%
MP  28/28        EV 32     Int 14      God: Dithmenos [*****.]
Gold 824         SH  0     Dex 20      Spells:  3 memorised, 10 levels left

rFire  + . .     SeeInvis +     a - +5 dagger
rCold  . . .     Clarity  .     G - +2 robe {rN+}
rNeg   + + .     rCorr    .     (shield restricted)
rPois  +         rRot     .     X - +1 hat of the Castellan {Spirit, rN+}
rElec  .         Spirit   +     d - +0 cloak
SustAb .         Warding  .     (gloves unavailable)
rMut   +         Stasis   .     (boots unavailable)
Gourm  .                        m - amulet of resist mutation
MR     ++...                    B - ring of poison resistance
                                T - ring of protection from fire

@: wreathed by umbra, very quick, very resistant to hostile enchantments,
uncannily stealthy
A: unfitting armour, see invisible, herbivore 3, speed 3, slow metabolism 2
a: Shadow Step, Shadow Form, Renounce Religion


You escaped.
You worshipped Dithmenos.
Dithmenos was extremely pleased with you.
You were not hungry.

You visited 3 branches of the dungeon, and saw 15 of its levels.

You collected 981 gold pieces.
You spent 157 gold pieces at shops.

Inventory:

Hand weapons
 a - a +5 dagger (weapon)
 b - a +0 blowgun
 E - a +0 hunting sling
Missiles
 e - 56 poisoned needles
 f - 4 curare-tipped needles
 j - 105 stones (quivered)
 S - 5 silver tomahawks
 Z - 6 exploding sling bullets
Armour
 d - a +0 cloak (worn)
 G - a +2 robe of positive energy (worn)
 X - the +1 hat of the Castellan (worn) {Spirit, rN+}
   (You found it on level 10 of the Dungeon)

   It protects you from negative energy.
Magical devices
 l - a wand of lightning (9)
Comestibles
 v - 8 bread rations
Scrolls
 c - 5 scrolls of identify
 h - 2 scrolls of magic mapping
 D - 4 scrolls of teleportation
 F - 5 scrolls of remove curse
 I - a scroll of blinking
 K - a scroll of fear
 O - 2 scrolls of holy word
Jewellery
 m - an amulet of resist mutation (around neck)
 B - a ring of poison resistance (right hand)
 T - a ring of protection from fire (left hand)
Potions
 g - a potion of porridge
 k - a potion of agility
 n - a potion of restore abilities
 o - a potion of invisibility
 p - a potion of magic
 q - a potion of might
 r - a potion of cure mutation
 s - 2 potions of heal wounds
 u - 2 potions of curing
 H - 2 potions of brilliance
 L - a potion of mutation
Books
 U - a book of Debilitation

   Spells                             Type                      Level
   Corona                             Hexes                        1
   *Slow                              Hexes                        2
   Inner Flame                        Hexes/Fire                   3
   Enslavement                        Hexes                        4
   Cause Fear                         Hexes                        4
   Leda's Liquefaction                Hexes/Earth                  4
Magical staves
 i - an uncursed staff of earth {unknown}


   Skills:
 + Level 4.0 Fighting
 + Level 6.1 Short Blades
 + Level 9.5(10.0) Slings
 + Level 4.2(7.0) Throwing
 + Level 13.8 Dodging
 * Level 16.8 Stealth
 + Level 4.9 Spellcasting
 + Level 4.4 Hexes
 * Level 5.3 Charms
 + Level 1.9 Translocations


You had 10 spell levels left.
You knew the following spells:

 Your Spells              Type           Power        Failure   Level  Hunger
a - Slow                  Hex            ###.....     4%          2    ##.....
b - Haste                 Chrm           ###.....     100%        6    #######
c - Blink                 Tloc           N/A          14%         2    ##.....


Dungeon Overview and Level Annotations

Branches:
Dungeon (11/15)            Temple (1/1) D:5             Orc (0/4) D:9
   Lair (3/8) D:10          Swamp (0/5) Lair:3
  Snake: Lair:3-6    Spider: Lair:3-6

Altars:
Ashenzari
Cheibriados
Dithmenos
Elyvilon
Fedhas
Kikubaaqudgha
Makhleb
Nemelex Xobeh
Okawaru
Qazlal
Sif Muna
Trog
Vehumet
Xom
Yredelemnul
Zin
The Shining One

Shops:
D:6 *   D:7 (   D:8 }

Annotations:
D:4 Maja's ghost, average MiBe
D:9 Gastronok
D:11 Nergalle


Innate Abilities, Weirdness & Mutations

You are tiny and cannot use many weapons and most armour.
You have supernaturally acute eyesight.
You are a herbivore.
You cover ground extremely quickly.
You need consume almost no food.


Message History

You climb upwards.
Level annotation: Maja's ghost, average MiBe
There is a stone staircase leading down here.
Press: ? - help, v - describe, . - travel A stone staircase leading down.
This square is wreathed by an umbra.
There is a stone staircase leading up here.
You climb upwards.
There is a stone staircase leading down here.
There is an open door here.
There is an escape hatch in the ceiling here.
A mysterious force pulls you upwards. The hatch slams shut behind you.
There is a stone staircase leading up here.
You climb upwards.
There is a stone staircase leading down here.
There is an open door here.
There is an open door here.
There is a staircase leading out of the dungeon here.
Are you sure you want to leave the Dungeon?
This will make you lose the game!
You have escaped!

....##.#.#.....#.#
.........#.#####'###
.##.##.###.###≈♣.♣≈##
.....#.# #.##≈≈♣.♣≈≈#
.##..#.# #.##≈≈♣.♣≈≈#
.##..#.# #[##≈♣...♣≈#
.##..#.###.##♣.....♣#
.##..#.....# #.#.#.#
.##..####### ###@###
.##..#############
.##...).......#
###...........#
###########.# ###


There were no monsters in sight!

Vanquished Creatures
  3 hydras
  An unseen horror (D:10)
  A griffon (Lair:2)
  2 spiny frogs
  A komodo dragon (Lair:3)
  7 blink frogs
  A spriggan (Lair:2)
  2 basilisks (Lair:3)
  A hill giant zombie (D:9)
  14 yaks
  2 hungry ghosts
  2 hippogriffs
  3 wyverns
  A human (D:9)
  4 wargs
  6 water moccasins
  4 orc warriors
  A yellow wasp (D:10)
  2 porcupines
  A swamp drake (D:10)
  2 phantoms
  7 ice beasts
  4 centaurs
  A sky beast (D:9)
  5 ogres
  A necrophage (D:8)
  7 crocodiles
  10 giant frogs
  2 big kobolds (D:9)
  A gnoll sergeant (D:10)
  7 killer bees
  4 scorpions
  3 wights
  6 crimson imps
  A centaur zombie (D:6)
  12 iguanas
  3 goliath beetles
  An iron imp (D:10)
  7 orc priests
  8 orc wizards
  A giant frog zombie (D:11)
  2 jellies
  Crazy Yiuf (D:3)
  6 hounds
  A giant frog skeleton (D:5)
  3 quasits
  6 worker ants
  4 sheep (D:9)
  An ogre zombie (D:7)
  An ogre skeleton (D:4)
  13 adders
  10 gnolls
  20 green rats
  3 shadow imps
  An inept item mimic (D:3)
  A white imp (D:10)
  2 worms
  2 giant mites
  2 oozes (D:4)
  7 giant geckos
  34 orcs
  16 bats
  23 hobgoblins
  8 jackals
  26 kobolds
  2 ball pythons
  4 giant cockroaches
  A giant gecko zombie (D:5)
  2 giant newts
  A giant spore (D:11)
  13 goblins
  A hobgoblin skeleton (D:4)
  A jackal skeleton (D:6)
  A kobold zombie (D:6)
  An orc skeleton (D:9)
  3 orc zombies
  10 quokkas
  13 rats
  5 ballistomycetes
403 creatures vanquished.

Vanquished Creatures (others)
  2 deep elf magi (D:10)
  A hound (Lair:1)
  An orc (D:10)
  A kobold (D:9)
  A giant spore (D:9)
  2 orc zombies (D:10)
  2 fungi
10 creatures vanquished.

Grand Total: 413 creatures vanquished

Notes
Turn   | Place    | Note
--------------------------------------------------------------
     0 | D:1      | Kex, the Spriggan Assassin, began the quest for the Orb.
     0 | D:1      | Reached XP level 1. HP: 10/10 MP: 2/2
    28 | D:1      | Reached skill level 6 in Stealth
   370 | D:1      | Reached XP level 2. HP: 13/15 MP: 4/4
  1147 | D:2      | Found a bloodstained altar of Trog.
  1297 | D:2      | Reached XP level 3. HP: 15/18 MP: 1/6
  1654 | D:2      | Reached skill level 7 in Stealth
  2104 | D:3      | Reached skill level 1 in Slings
  2104 | D:3      | Reached XP level 4. HP: 12/23 MP: 5/8
  2500 | D:3      | Noticed Crazy Yiuf
  2542 | D:3      | Killed Crazy Yiuf
  2810 | D:3      | Reached XP level 5. HP: 26/26 MP: 10/10
  3583 | D:4      | Noticed Maja's ghost (average MiBe)
  4252 | D:4      | Reached XP level 6. HP: 19/30 MP: 8/12
  4377 | D:4      | Reached skill level 8 in Stealth
  4581 | D:5      | Entered Level 5 of the Dungeon
  4584 | D:5      | Found a staircase to the Ecumenical Temple.
  4593 | Temple   | Entered the Ecumenical Temple
  4673 | Temple   | Became a worshipper of Dithmenos the Shadowed
  5171 | D:5      | Reached skill level 5 in Dodging
  5544 | D:5      | Reached XP level 7. HP: 12/35 MP: 7/14
  6136 | D:5      | Found a white marble altar of Elyvilon.
  6824 | D:5      | Reached skill level 5 in Slings
  7338 | D:4      | Reached skill level 9 in Stealth
  7637 | D:6      | Reached XP level 8. HP: 39/39 MP: 16/16
  7839 | D:6      | Reached skill level 10 in Stealth
  8166 | D:6      | Found Phudoas' General Store.
  8175 | D:6      | Bought a scroll of blinking for 112 gold pieces
  8175 | D:6      | Bought 2 slices of pizza for 45 gold pieces
  8275 | D:6      | Reached skill level 11 in Stealth
  8649 | D:7      | Found a white marble altar of Elyvilon.
  8649 | D:7      | Found a bloodstained altar of Trog.
  8649 | D:7      | Found a radiant altar of Vehumet.
  8783 | D:7      | Found Joymoapt's Antique Weapon Emporium.
  8803 | D:7      | Reached skill level 12 in Stealth
  8803 | D:7      | Reached XP level 9. HP: 43/43 MP: 18/18
  8933 | D:7      | Found a shattered altar of Ashenzari.
  9930 | D:8      | Reached skill level 13 in Stealth
 10035 | D:8      | Found a white marble altar of Elyvilon.
 10063 | D:8      | Gained mutation: You are frail (-10% HP). [potion of mutation]
 10063 | D:8      | Gained mutation: You are resistant to electric shocks. [potion of mutation]
 10063 | D:8      | Gained mutation: You can spit poison. [potion of mutation]
 10064 | D:8      | Lost mutation: You are frail (-10% HP). [potion of cure mutation]
 10064 | D:8      | Lost mutation: You can spit poison. [potion of cure mutation]
 10064 | D:8      | Lost mutation: You are resistant to electric shocks. [potion of cure mutation]
 10134 | D:8      | Found Coetara's Gadget Shoppe.
 10246 | D:7      | Learned a level 2 spell: Slow
 10551 | D:8      | Acquired Dithmenos' first power
 11403 | D:8      | Reached skill level 1 in Hexes
 12264 | D:9      | Learned a level 6 spell: Haste
 12685 | D:8      | Reached skill level 10 in Dodging
 13002 | D:9      | Found a staircase to the Orcish Mines.
 13332 | D:9      | Reached XP level 10. HP: 35/49 MP: 20/20
 13472 | D:9      | Found an iron altar of Okawaru.
 13513 | D:9      | Acquired Dithmenos' second power
 14027 | D:8      | Reached skill level 1 in Spellcasting
 14149 | D:9      | Reached skill level 14 in Stealth
 14338 | D:9      | Noticed Gastronok
 14925 | D:10     | Entered Level 10 of the Dungeon
 15099 | D:10     | Found a staircase to the Lair.
 15325 | D:10     | Reached skill level 5 in Short Blades
 16193 | D:9      | Found a snail-covered altar of Cheibriados.
 17475 | D:10     | Acquired Dithmenos' third power
 17747 | D:10     | Reached skill level 15 in Stealth
 18421 | D:10     | Got a shimmering hat
 18442 | D:10     | Identified the +1 hat of the Castellan {Spirit, rN+} (You found it on level 10 of the Dungeon)
 18453 | D:10     | Learned a level 2 spell: Blink
 18481 | D:11     | Noticed a six-headed hydra
 18724 | D:11     | Noticed Nergalle
 18857 | D:11     | Noticed an unseen horror
 18902 | D:11     | Killed a six-headed hydra
 18902 | D:11     | Reached XP level 11. HP: 52/52 MP: 24/24
 19013 | D:10     | Noticed a hill giant
 19076 | D:10     | Killed an unseen horror
 19076 | D:10     | Reached skill level 1 in Translocations
 19696 | D:11     | Noticed a hill giant
 19713 | D:11     | Noticed a cyclops
 19754 | D:11     | Noticed a cyclops
 20051 | Lair:1   | Entered Level 1 of the Lair of Beasts
 20402 | Lair:1   | Noticed a six-headed hydra
 20457 | Lair:1   | Noticed a four-headed hydra
 20492 | Lair:1   | Killed a four-headed hydra
 20492 | Lair:1   | Reached skill level 16 in Stealth
 20492 | Lair:1   | Reached skill level 1 in Charms
 23079 | Lair:1   | Killed a six-headed hydra
 25152 | Lair:2   | Reached skill level 5 in Charms
 25583 | Lair:3   | Reached XP level 12. HP: 54/54 MP: 28/28
 25776 | Lair:3   | Found a staircase to the Swamp.
 25816 | Lair:3   | Acquired Dithmenos' fourth power
 25990 | Lair:3   | Noticed a four-headed hydra
 26028 | Lair:3   | Noticed an eight-headed hydra
 26628 | D:$      | Got out of the dungeon alive.

Action                   |  1- 3 |  4- 6 |  7- 9 | 10-12 || total
-------------------------+-------+-------+-------+-------++-------
Melee: Dagger            |   137 |   238 |   899 |  1921 ||  3195
 Fire: Hunting sling     |    54 |   152 |   123 |   256 ||   585
       Blowgun           |       |    24 |    32 |    33 ||    89
Throw: Stone             |       |     6 |       |     2 ||     8
 Cast: Slow              |       |       |    12 |   129 ||   141
       Blink             |       |       |       |    10 ||    10
Evoke: Wand              |       |       |     2 |       ||     2
  Use: Scroll            |     4 |     1 |     5 |    19 ||    29
       Potion            |       |     1 |    11 |     9 ||    21
 Stab: Sleeping          |     8 |    13 |    34 |    48 ||   103
       Distracted        |       |     1 |     8 |    12 ||    21
       Invisible         |       |       |     1 |       ||     1
  Eat: Bread ration      |       |     1 |       |     1 ||     2
       Pizza             |       |       |     3 |     9 ||    12
       Fruit             |       |       |     2 |     3 ||     5
